 Dungeon Crawl Stone Soup version 0.31-a0-1074-g0b22e4e0f1 (webtiles) character file.

Game seed: 14251958418373342194

60 LeprechaunX the Changeling (level 4, 0/25 (29) HPs)
             Began as an Octopode Shapeshifter on Dec 1, 2023.
             Slain by Terence
             ... wielding the +7 Throatcutter {drain, coup de grace}
              (1 damage)
             ... on level 3 of the Dungeon.
             The game lasted 00:01:27 (1372 turns).

LeprechaunX the Changeling (Octopode Shapeshifter)  Turns: 1372, Time: 00:01:29

HP:   0/25 (29)     AC:  1    Str: 13    XL:     4   Next: 4%
MP:   4/4           EV: 13    Int: 12    God:
Gold: 96            SH:  0    Dex: 13    Spells: 3/3 levels left

rFire   . . .        b - +2 dagger (speed)
rCold   . . .        (no shield)
rNeg    . . .        (helmet currently unavailable)
rPois   .            (no amulet)
rElec   .            (no ring)
rCorr   .            (no ring)
SInv    .            (no ring)
Will    .....        (no ring)
Stlth   ++           (no ring)
HPRegen 0.24/turn    (no ring)
MPRegen 0.09/turn    (no ring)
                     (no ring)

%: no passive effects
@: beast-form, heavily drained
A: beast (slay +2), almost no armour, amphibious, 8 rings, camouflage 1,
gelatinous body 1, (nimble swimmer 1), tentacles
a: Begin Untransformation


You were on level 3 of the Dungeon.
You were a hulking beast.
You visited 1 branch of the dungeon, and saw 3 of its levels.

You collected 96 gold pieces.

Inventory:

Hand Weapons
 a - a +0 sling
 b - a +2 dagger of speed (weapon)
Talismans
 c - a flux talisman
 i - a beast talisman
Scrolls
 d - 4 scrolls of identify {unknown}
 f - a scroll of torment {unknown}
 g - a scroll of brand weapon {unknown}
 h - a scroll of teleportation {unknown}
 j - 3 scrolls of poison {unknown}
 m - 2 scrolls of immolation {unknown}
Potions
 e - a potion of cancellation {unknown}
 k - a potion of lignification
 l - 2 potions of degeneration {unknown}
 n - a potion of invisibility {unknown}


   Skills:
 + Level 2.0 Fighting
 - Level 2.0 Dodging
 + Level 3.5 Unarmed Combat
 * Level 3.8 Shapeshifting


You had 3 spell levels left.
You didn't know any spells.
Your spell library was empty.

Dungeon Overview and Level Annotations

Branches:
Dungeon (3/15)

Altars:

Annotations:
D:3 Terence


Innate Abilities, Weirdness & Mutations

You are a hulking beast.
Your limbs bulge with bestial killing power. (Slay +2)
You cannot wear most types of armour.
You are amphibious.
You can wear up to eight rings at the same time.
Your skin changes colour to match your surroundings (Stealth+).
Your rubbery body absorbs attacks. (AC +1, EV +1)
((You are camouflaged when in or above water. (Stealth+)))
You have tentacles for arms and can constrict up to eight enemies at once.


Message History

The quokka bites you.
You hit the quokka. You squeeze the quokka.
You kill the quokka!
Your Fighting skill increases to level 2!
No target in view!
HP restored.
m - 2 scrolls labelled WEIZ HUUTENG (gained 1)
Found a stone staircase leading down.
There is a stone staircase leading down here.
Found a stone staircase leading up.
j - 3 scrolls labelled FESEACZ JUACI (gained 1)
Found a ring mail.
Terence the Incautious comes into view.
He is wielding the +7 Throatcutter {drain, coup de grace}.
Terence is nearby!
Terence shouts!
You see here a +0 ring mail.
You hit Terence. Your grab misses Terence.
Terence is moderately wounded.
Terence hits you with the +7 Throatcutter {drain, coup de grace}!
You feel drained.
You hit Terence. Your grab misses Terence.
You squeeze Terence, but do no damage.
Terence is heavily wounded.
Terence closely misses you.
You barely miss Terence. Your grab misses Terence.
Terence is heavily wounded.
You barely miss Terence. You grab Terence.
You squeeze Terence, but do no damage.
Terence is heavily wounded.
You constrict Terence, but do no damage.
Terence barely misses you.
You barely miss Terence. You squeeze Terence.
Terence is heavily wounded.
You constrict Terence, but do no damage.
Terence hits you with the +7 Throatcutter {drain, coup de grace}!
Ouch! That really hurt!
* * * LOW HITPOINT WARNING * * *
You feel drained.
You die...
Terence says, "Rest in peace."

#.##########.#
#.#....#...#.#
#.#.##.#.#.#.#
.#.#.##.#.#.#.# ####
.#.#.##.#.#.#.# ...##
.#.#<##.#.#.#.###....#
.#.####.#.#.#.##.....#
(..........>#.##@....#
.###.####.#.#.##h....#
..........#.#........#
..##.######.#####....#
..##..#####.#####....#
..###..#.............#
.....................#
........[........#####
.....†..###.######
##.......##.#


You could see Terence.

Vanquished Creatures
  2 worms (D:2)
  3 dart slugs
  4 ball pythons
  8 bats
  4 endoplasms (D:1)
  A giant cockroach (D:2)
  7 goblins
  5 hobgoblins
  A quokka (D:3)
  A frilled lizard (D:1)
  6 kobolds
  2 rats (D:2)
44 creatures vanquished.

Notes
Turn   | Place    | Note
-------+----------+-------------------------------------------
     0 | D:1      | LeprechaunX the Octopode Shapeshifter began the quest for
                  | the Orb.
     0 | D:1      | Reached XP level 1. HP: 13/13 MP: 1/1
   127 | D:1      | Reached XP level 2. HP: 18/18 MP: 2/2
   352 | D:1      | Reached XP level 3. HP: 18/23 MP: 3/3
  1175 | D:2      | Reached XP level 4. HP: 29/29 MP: 4/4
  1366 | D:3      | Noticed Terence
  1372 | D:3      | HP: 1/27 [Terence/the +7 Throatcutter {drain, coup de
                  | grace} (15)]
  1372 | D:3      | Slain by Terence

Illustrated notes

Levels and vault maps discovered:
D:1:      saegor_arrival_simple_e, layout_loops_ring
D:2:      layout_basic, grunt_ministairs_3
D:3:      layout_basic, trog_book, chequers_temple_overflow_minitemple,
          uniq_sigmund, uniq_jessica, uniq_terence

Skill      XL: |  1  2  3  4 |
---------------+-------------+-----
Fighting       | 2 |  2.0
Dodging        | |  2.0
Unarmed Combat | |  3.5
Shapeshifting  | |  3.8

Action                     |  1- 3 |  4- 6 || total
---------------------------+-------+-------++-------
  Melee: Unarmed           |    44 |       ||    44
         Constrict         |    18 |     2 ||    20
         Punch             |     5 |       ||     5
         Tentacles         |    14 |     4 ||    18
         Dagger            |    36 |     9 ||    45
   Stab: Sleeping          |     9 |     1 ||    10
 Armour: Skin              |    20 |     3 ||    23
  Dodge: Dodged            |    43 |     2 ||    45

Table legend: (Time is in decaauts)
 A = Elapsed time spent in this place.
 B = Non-inter-level travel time spent in this place.
 C = Inter-level travel time spent in this place.
 D = Time resting spent in this place.
 E = Time spent auto-exploring this place.
 F = Levels seen in this place.
 G = Mean time per level.
                   A        B        C        D        E       F      G
               +--------+--------+--------+--------+--------+-----+--------+
         Total |   1353 |   1261 |     92 |      0 |   1008 |   3 |  451.0 |
       Dungeon |   1353 |   1261 |     92 |      0 |   1008 |   3 |  451.0 |
               +--------+--------+--------+--------+--------+-----+--------+

Top non-repeatable levels by time:
     D:1: 722 daAuts
     D:2: 496 daAuts
     D:3: 134 daAuts
